 Dungeon Crawl Stone Soup version 0.22-a0-456-g11ed031617 (webtiles) character file.

301 Kaname the Conjurer (level 6, -1/61 HPs)
             Began as a Demonspawn Wizard on June 6, 2018.
             Slain by a howler monkey (3 damage)
             ... on level 4 of the Dungeon.
             The game lasted 00:12:42 (3801 turns).

Kaname the Conjurer (Demonspawn Wizard)             Turns: 3801, Time: 00:12:43

Health: -1/61      AC:  3    Str: 13    XL:     6   Next: 14%
Magic:  3/10       EV: 12    Int: 21    God:
Gold:   137        SH:  0    Dex: 11    Spells: 2/11 levels left

rFire    . . .     SeeInvis .   p - +0 short sword
rCold    . . .     Gourm    .   (no shield)
rNeg     . . .     Faith    .   q - +0 robe (curse)
rPois    .         Spirit   .   e - +0 helmet
rElec    .         Reflect  .   (no cloak)
rCorr    .         Harm     +   (no gloves)
MR       .....                  (no boots)
Stlth    ..........             i - amulet of harm
HPRegen  0.20/turn              (no ring)
MPRegen  0.12/turn              (no ring)

@: berserking (expiring), very quick
A: demonic guardian 1, powered by pain 2
a: no special abilities


You were on level 4 of the Dungeon.
You were not hungry.

You visited 1 branch of the dungeon, and saw 4 of its levels.

You collected 137 gold pieces.

Inventory:

Hand Weapons
 g - a +0 dagger
 p - a +0 short sword (weapon)
Missiles
 b - 8 arrows
 s - a throwing net (quivered)
Armour
 e - a +0 helmet (worn)
 q - a cursed +0 robe (worn)
Jewellery
 i - an amulet of harm (around neck)
Scrolls
 c - 3 scrolls of remove curse
 j - 2 scrolls of teleportation
 o - a scroll of immolation {unknown}
 r - 2 scrolls of fear {unknown}
Potions
 a - a potion of flight {unknown}
 f - a potion of haste
 h - a potion of agility {unknown}
 k - a potion of invisibility {unknown}
 m - 2 potions of magic
 n - 3 potions of might {unknown}
 u - a potion of curing {unknown}
Comestibles
 d - 8 rations
 t - 5 chunks of flesh


   Skills:
 - Level 1.7 Dodging
 - Level 1.7 Stealth
 - Level 3.0 Spellcasting
 + Level 5.6 Conjurations
   Level 1.0 Summonings
 - Level 1.0 Translocations
 - Level 2.3 Poison Magic


You had 2 spell levels left.
You knew the following spells:

 Your Spells              Type           Power        Failure   Level  Hunger
a - Magic Dart            Conj           ####         1%          1    None
b - Blink                 Tloc           N/A          13%         2    ##.....
c - Mephitic Cloud        Conj/Pois/Air  ##......     14%         3    ###....
d - Conjure Flame         Conj/Fire      ##......     13%         3    ###....

Your spell library contained the following spells:

 Spells                   Type           Power        Failure   Level  Hunger
 Slow                     Hex            #.......     21%         2    ##.....
 Call Imp                 Summ           #.......     13%         2    ##.....


Dungeon Overview and Level Annotations

Branches:
Dungeon (4/15)
 Temple: D:4-7

Altars:
Qazlal
Trog
The Shining One

Annotations:
D:3 NoiZ's ghost, amateur MiFi


Innate Abilities, Weirdness & Mutations

A weak demonic guardian rushes to your aid.
You sometimes gain power by taking damage.


Message History

The worm bites your shadow imp.
Your iron imp completely misses the crimson imp.
The orc hits you with a flail!
* * * LOW HITPOINT WARNING * * *
The hound bites you but does no damage.
You barely miss the hound.
The hound is heavily wounded.
Your shadow imp hits the worm.
The hound bites you.
* * * LOW HITPOINT WARNING * * *
You closely miss the hound.
The hound is heavily wounded.
The orc barely misses you.
Your iron imp hits the crimson imp.
The hound bites you.
* * * LOW HITPOINT WARNING * * *
Unknown command.
Unknown command.
You puncture the hound!
You kill the hound!
The howler monkey hits you.
You die...

#..... .#
......##.#
.#.....#.#####
#...[........##
.........%.h@.##
...........o...#
.........5.5...#
.......<.w.....#
......>.5......#
!..............#
...............#
..............##
#.....##.....##


You could see a worm, a howler monkey, a crimson imp, an orc, a friendly iron
imp and a friendly shadow imp.

Vanquished Creatures
  A hound (D:4)
  An orc wizard (D:3)
  Ijyb (D:3)
  Natasha (thrice) (D:3)
  2 adders
  4 gnolls (D:3)
  2 leopard geckos
  3 orcs
  2 ball pythons
  5 giant cockroaches
  12 goblins
  9 hobgoblins
  6 jackals
  4 kobolds
  12 bats
  4 frilled lizards
  8 rats
79 creatures vanquished.

Notes
Turn   | Place    | Note
-------+----------+-------------------------------------------
     0 | D:1      | Kaname the Demonspawn Wizard began the quest for the Orb.
     0 | D:1      | Reached XP level 1. HP: 13/13 MP: 4/4
   478 | D:1      | Reached skill level 2 in Conjurations
   568 | D:1      | Gained mutation: You sometimes gain a little power by taking damage. [demonic ancestry]
   568 | D:1      | Reached XP level 2. HP: 14/19 MP: 3/6
   572 | D:1      | Learned a level 2 spell: Blink
   628 | D:1      | Found a glowing golden altar of the Shining One.
   939 | D:1      | Reached skill level 3 in Conjurations
  1072 | D:1      | Reached XP level 3. HP: 24/24 MP: 2/7
  1077 | D:1      | Learned a level 3 spell: Mephitic Cloud
  2269 | D:2      | Gained mutation: You sometimes gain power by taking damage. [demonic ancestry]
  2269 | D:2      | Reached XP level 4. HP: 30/30 MP: 5/8
  2375 | D:3      | Reached skill level 4 in Conjurations
  2398 | D:3      | Found a faded altar of an unknown god.
  2412 | D:3      | Found a bloodstained altar of Trog.
  2440 | D:3      | Reached skill level 1 in Translocations
  2454 | D:3      | Noticed NoiZ's ghost (amateur MiFi)
  2479 | D:3      | Learned a level 3 spell: Conjure Flame
  2535 | D:3      | Reached skill level 1 in Poison Magic
  2715 | D:3      | Noticed Ijyb
  2833 | D:3      | Killed Ijyb
  2891 | D:3      | Noticed Natasha
  2896 | D:3      | Killed Natasha
  2896 | D:3      | Reached XP level 5. HP: 21/35 MP: 3/9
  3168 | D:3      | Found a stormy altar of Qazlal.
  3170 | D:3      | Noticed an air elemental
  3170 | D:3      | Noticed a water elemental
  3171 | D:3      | Noticed a fire elemental
  3285 | D:3      | Noticed Natasha
  3290 | D:3      | Killed Natasha
  3446 | D:3      | Found a bloodstained altar of Trog.
  3458 | D:3      | Found a faded altar of an unknown god.
  3640 | D:3      | Noticed Natasha
  3642 | D:3      | Found a stormy altar of Qazlal.
  3646 | D:3      | Killed Natasha
  3646 | D:3      | Reached skill level 5 in Conjurations
  3703 | D:3      | Gained mutation: A weak demonic guardian rushes to your aid. [demonic ancestry]
  3703 | D:3      | Reached XP level 6. HP: 38/41 MP: 0/10
  3800 | D:4      | HP: 2/61 [hound (4)]
  3801 | D:4      | Slain by a howler monkey

Vault maps used:
D:1:      denvon_arrival_waterhouse, tso_metal_star
D:2:      minmay_tromino_i2
D:3:      nicolae_qazlal_style_of_elements, bloody_trog,
          chequers_ecumenical_altar_simple_redux, uniq_ijyb, uniq_natasha
D:4:      kennysheep_goblin_castle, uniq_sigmund

Skill      XL: |  1  2  3  4  5 |
---------------+----------------+-----
Conjurations   | 2 3 4 5 |  5.6
Translocations | 1 |  1.0
Poison Magic   | 2 |  2.3
Dodging        | |  1.7
Stealth        | |  1.7
Spellcasting   | |  3.0
Summonings     | |  1.0

Action                   |  1- 3 |  4- 6 || total
-------------------------+-------+-------++-------
Melee: Club              |     6 |       ||     6
       Dagger            |    43 |       ||    43
       Unarmed           |     1 |       ||     1
       Short sword       |       |    57 ||    57
 Cast: Magic Dart        |    93 |    86 ||   179
       Mephitic Cloud    |       |     3 ||     3
       Blink             |       |     1 ||     1
  Use: Scroll            |       |     5 ||     5
       Potion            |       |     2 ||     2
 Stab: Confused          |       |     2 ||     2
  Eat: Chunk             |     3 |     6 ||     9
Armor: Robe              |    18 |     9 ||    27
Dodge: Dodged            |    36 |    40 ||    76

Table legend:
 A = Spawn XP
 B = Non-spawn XP
 C = Spawn XP percentage of total XP
 D = Spawn monster count
 E = Non-spawn monster count
 F = Spawn count percentage of total count
 G = Total turns spent on level
                    A         B        C        D         E        F      G
               +---------+---------+-------+---------+---------+-------+---------
         Total |       0 |     430 |   0.0 |       0 |      79 |   0.0 |  3801
               +---------+---------+-------+---------+---------+-------+---------
           D:1 |       0 |      43 |   0.0 |       0 |      24 |   0.0 |  1430
           D:2 |       0 |      57 |   0.0 |       0 |      25 |   0.0 |   982
           D:3 |       0 |     285 |   0.0 |       0 |      28 |   0.0 |  1372
           D:4 |       0 |      45 |   0.0 |       0 |       2 |   0.0 |    17
               +---------+---------+-------+---------+---------+-------+---------
